[Event "16th Spilimbergo Open 2018"]
[Site "Spilimbergo"]
[Date "2018.08.10"]
[Round "1.9"]
[White "Krysa, Leandro"]
[Black "Della Pietra, Andrea"]
[Result "1-0"]
[ECO "E11"]
[WhiteElo "2523"]
[BlackElo "2212"]
[Annotator "ChessBase"]
[PlyCount "69"]
[EventDate "2018.08.10"]
[EventType "swiss"]
[EventCountry "ITA"]
[SourceTitle "playchess.com"]
[Source "ChessBase"]
[SourceQuality "1"]
[TimeControl "5400+30"]

1. d4 Nf6 2. c4 Nc6 3. Nf3 e6 4. g3 Bb4+ 5. Bd2 Qe7 6. e3 Bxd2+ 7. Qxd2 Ne4 8. Qc2 Qb4+ 9. Nbd2 Nxd2 10. Nxd2 Qe7 11. Bg2 O-O 12. O-O d6 13. f4 a5 14. Qc3 Bd7 15. Rae1 e5 16. fxe5 dxe5 17. c5 Rfe8 18. d5 Nb4 19. a3 Na6 20. b4 axb4 21. axb4 Bb5 22. Rf2 Rac8 23. Ra1 b6 24. Bf1 Bxf1 25. Rfxf1 Nb8 26. c6 e4 27. Qc4 Rcd8 28. Rad1 Qe5 29. Nb1 Rd6 30. Nc3 Red8 31. Rd4 f5 32. Nb5 Rg6 33. d6+ Kh8 34. dxc7 Rxg3+ 35. Kh1 1-0

[Event "16th Spilimbergo Open 2018"]
[Site "Spilimbergo"]
[Date "2018.08.10"]
[Round "1.10"]
[White "Podetti, Davide"]
[Black "Rombaldoni, Denis"]
[Result "1/2-1/2"]
[ECO "A46"]
[WhiteElo "2204"]
[BlackElo "2508"]
[Annotator "RC"]
[PlyCount "176"]
[EventDate "2018.08.10"]
[EventType "swiss"]
[EventCountry "ITA"]
[SourceTitle "playchess.com"]
[Source "ChessBase"]
[SourceQuality "1"]
[TimeControl "5400+30"]

1. Nf3 d6 2. d4 Nf6 3. Nc3 Bf5 4. Bg5 Nbd7 5. Nh4 Bg6 6. Nxg6 hxg6 7. e4 e5 8. Be2 Be7 9. Bxf6 Bxf6 10. d5 Bg5 11. Qd3 a6 12. g3 Nc5 13. Qf3 a5 14. h4 Bh6 15. Bb5+ Ke7 16. Qg4 Rf8 17. h5 gxh5 18. Rxh5 Qc8 19. Qh4+ f6 20. f4 c6 21. Be2 Qc7 22. Rd1 exf4 23. gxf4 Qb6 24. dxc6 bxc6 25. e5 Ne6 26. exd6+ Kd7 27. Bg4 Rae8 28. Ne2 Kd8 29. Qf2 Qa6 30. d7 Re7 31. Bxe6 Rxe6 32. c4 Rf7 33. Qc5 Rxd7 34. Rxd7+ Kxd7 35. Kf1 Qb7 36. b3 Qc7 37. Qxa5 Bxf4 38. Qf5 Be3 39. Rh7 Qd6 40. Rxg7+ Kc8 41. Kg2 Bh6 42. Nd4 Bxg7 43. Qxe6+ Qxe6 44. Nxe6 Bh6 45. Kf3 Kd7 46. Nd4 Bd2 47. Ke4 Kd6 48. Kf5 Kc5 49. Nc2 Bc3 50. Ke4 Be5 51. Ne1 Bc3 52. Nd3+ Kd6 53. c5+ Kd7 54. a4 Ke6 55. Nf4+ Kd7 56. Kf5 Ke7 57. Nd3 Kd7 58. b4 Ke7 59. a5 Kd7 60. a6 Kc7 61. Ke6 Bd4 62. a7 Kb7 63. Kd7 Kxa7 64. Kxc6 f5 65. b5 Bg1 66. Ne5 Bh2 67. Kd5 Kb7 68. Nc4 f4 69. c6+ Kb8 70. Ke4 Kc7 71. Kd5 f3 72. b6+ Kb8 73. Ke6 f2 74. Ne3 Kc8 75. Kd5 Bf4 76. Nf1 Kb8 77. Ke4 Bd6 78. Kd4 Bf4 79. Kc4 Bd6 80. Kb5 Bf4 81. Kb4 Bd6+ 82. Kc4 Bf4 83. Kd5 Kc8 84. Ke6 Kd8 85. b7 Kc7 86. Kd5 Kb6 87. Ke4 Kxc6 88. Kxf4 Kxb7 1/2-1/2

[Event "16th Spilimbergo Open 2018"]
[Site "Spilimbergo"]
[Date "2018.08.10"]
[Round "1.12"]
[White "Locci, Damiano"]
[Black "Godena, Michele"]
[Result "0-1"]
[ECO "A21"]
[WhiteElo "2185"]
[BlackElo "2502"]
[Annotator "ChessBase"]
[PlyCount "52"]
[EventDate "2018.08.10"]
[EventType "swiss"]
[EventCountry "ITA"]
[SourceTitle "playchess.com"]
[Source "ChessBase"]
[SourceQuality "1"]
[TimeControl "5400+30"]

1. c4 e5 2. Nc3 Bb4 3. Nd5 Bc5 4. e3 Nf6 5. d4 Nxd5 6. dxc5 Nf6 7. b4 Nc6 8. b5 Ne7 9. Ne2 b6 10. Bb2 Ng6 11. cxb6 axb6 12. Nc3 Bb7 13. Qc2 Qe7 14. a4 Nh4 15. Ba3 d6 16. e4 O-O 17. f3 Nd7 18. Bd3 Qg5 19. Ra2 Qe3+ 20. Kf1 Nc5 21. Be2 f5 22. Bc1 Qd4 23. Nd1 fxe4 24. Bb2 exf3 25. Bxd4 fxg2+ 26. Kg1 gxh1=Q# 0-1

[Event "16th Spilimbergo Open 2018"]
[Site "Spilimbergo"]
[Date "2018.08.10"]
[Round "1.16"]
[White "Shome Shiv"]
[Black "Sonis, Francesco"]
[Result "1/2-1/2"]
[ECO "C54"]
[WhiteElo "2161"]
[BlackElo "2468"]
[Annotator "ChessBase"]
[PlyCount "144"]
[EventDate "2018.08.10"]
[EventType "swiss"]
[EventCountry "ITA"]
[SourceTitle "playchess.com"]
[Source "ChessBase"]
[SourceQuality "1"]
[TimeControl "5400+30"]

1. e4 e5 2. Nf3 Nc6 3. Bc4 Bc5 4. d3 Nf6 5. O-O O-O 6. c3 d6 7. Nbd2 a6 8. a4 Be6 9. Bb3 Ba7 10. Nc4 h6 11. Ne3 Ne7 12. Bc2 c5 13. d4 cxd4 14. cxd4 Qc7 15. d5 Bd7 16. Bd3 Ng6 17. g3 Bh3 18. Re1 Ng4 19. Nxg4 Bxg4 20. Be3 Bxe3 21. Rxe3 Qb6 22. Be2 Bxf3 23. Bxf3 Qxb2 24. Rb3 Qd4 25. Rxb7 Rfb8 26. Rab1 Rxb7 27. Rxb7 Rc8 28. Kg2 Rc4 29. a5 Qxd1 30. Bxd1 Rxe4 31. Rb6 Rd4 32. Bb3 e4 33. Rxa6 Ne5 34. Ra8+ Kh7 35. Rc8 Rd3 36. a6 Rxb3 37. a7 Ra3 38. a8=Q Rxa8 39. Rxa8 f5 40. Re8 Nc4 41. Re6 g6 42. Kf1 Kg7 43. Ke2 Kf7 44. f3 exf3+ 45. Kxf3 Nd2+ 46. Kf4 Ne4 47. g4 Nf6 48. Rxd6 Nxg4 49. h3 Nf2 50. h4 Nd3+ 51. Ke3 Ne5 52. Re6 Nd7 53. Kd4 Nf6 54. Re1 f4 55. Ke5 g5 56. hxg5 hxg5 57. d6 f3 58. Kf5 Nd5 59. Kxg5 f2 60. Rf1 Ke6 61. Rxf2 Kxd6 62. Kf5 Ne7+ 63. Ke4 Ke6 64. Ra2 Nc6 65. Rd2 Ne7 66. Rh2 Ng8 67. Rf2 Ne7 68. Re2 Kd6 69. Rd2+ Ke6 70. Ra2 Nc6 71. Ra6 Kd6 72. Rxc6+ Kxc6 1/2-1/2